cohdb
Replays
Latest Replays
All Replays
Popular Replays
Top Player Replays
Match Explorer
How It Works
Community
CoH3 Stats
Reddit
Sign in to upload your games and track your stats! →
Sign in with Steam
Match 33883644
Unlisted
Match 33883644
Overview
Messages
Build Orders
End
Selects Italian Coastal Battlegroup
Selects Coastal Reserves
Coastal Reserve
Construct Infanterie Kompanie
MG 42 Machine Gun Team
Coastal Reserve
GrW 34 Mortar Team
Construct Luftwaffe Kompanie
Jäger Squad
Medical Bunker
Forward Retreat Point
Selects Support Bunkers
Luftwaffe Officer Quarters
Support Elements
MG 42 Bunker
MG 42 Bunker
Wirbelwind Flakpanzer
MG 42 Bunker
Construct Panzer Kompanie
Selects Rapid Fortifications
Jäger Squad
Selects Bulwark
Construct Panzergrenadier Kompanie
Nebelwerfer 42 Rocket Launcher Team
Selects Artillery Officer
Panzer IV Medium Tank
Panzer IV Medium Tank
Side Skirts
Panzer Officer Quarters
legion_66
2015044103
Howdy?
Big Iron Enjoyer of NCR
matrix4x4
忆卿Eli
老单枞
KiLL_FoR_KAndy
0
0
Comments
sign in to comment!
No comments posted yet!